 Dungeon Crawl Stone Soup version 0.24.0-125-gc4c63601f3 (webtiles) character file.

Game seed: 2686422584585562209, levelgen mode: deterministic

56 Frank2 the Cudgeler (level 3, 0/27 HPs)
             Began as a Demonspawn Gladiator on Mar 11, 2020.
             Slain by Sigmund
             ... wielding a +0 scythe
              (10 damage)
             ... on level 3 of the Dungeon.
             The game lasted 00:02:10 (1044 turns).

Frank2 the Cudgeler (Demonspawn Gladiator)          Turns: 1044, Time: 00:02:11

Health: 0/27       AC:  4    Str: 14    XL:     3   Next: 69%
Magic:  0/3        EV: 13    Int:  9    God:
Gold:   87         SH:  0    Dex: 15    Spells: 2/2 levels left

rFire    . . .     SeeInvis .   a - +0 flail
rCold    . . .     Gourm    .   (no shield)
rNeg     . . .     Faith    .   b - +0 leather armour
rPois    .         Spirit   +   c - +0 helmet
rElec    .         Reflect  .   (no cloak)
rCorr    .         Harm     .   (no gloves)
MR       .....                  (no boots)
Stlth    +.........             (no amulet)
HPRegen  0.09/turn              h - ring of wizardry
MPRegen  0.08/turn              (no ring)

@: no status effects
A: magic shield
a: no special abilities


You were on level 3 of the Dungeon.
You were hungry.

You visited 1 branch of the dungeon, and saw 3 of its levels.

You collected 87 gold pieces.

Inventory:

Hand Weapons
 a - a +0 flail (weapon)
Missiles
 d - 3 throwing nets (quivered)
Armour
 b - a +0 leather armour (worn)
 c - a +0 helmet (worn)
Jewellery
 h - a ring of wizardry (left hand)
 k - a cursed ring of attention {unknown}
Wands
 j - a wand of polymorph (13)
Scrolls
 e - a scroll of identify
Potions
 g - a potion of curing
 i - 2 potions of lignification {unknown}
 l - a potion of brilliance {unknown}
Comestibles
 f - 5 rations


   Skills:
 + Level 2.2 Fighting
 + Level 3.4 Maces & Flails
 - Level 1.7 Throwing
 + Level 1.0 Armour
 + Level 3.3 Dodging


You had 2 spell levels left.
You didn't know any spells.
Your spell library was empty.

Dungeon Overview and Level Annotations

Branches:
Dungeon (3/15)

Altars:

Annotations:
D:3 Sigmund


Innate Abilities, Weirdness & Mutations

When hurt, damage is shared between your health and your magic reserves.


Message History

No target in view!
No target in view!
No target in view!
No target in view!
No target in view!
It was a potion of curing.
You feel better. Something hits you.
You closely miss something. Something barely misses you.
You barely miss something. You barely miss something.
You hear some strange, mumbled words.
A puff of flame appears from out of thin air!
The puff of flame misses you. Something hits you!
You miss something. You hit something but do no damage.
Something completely misses you.
You closely miss something. Something hits you!
* * * LOW HITPOINT WARNING * * *
You sock something! Something hits you.
* * * LOW HITPOINT WARNING * * *
You feel better. Something hits you!
You die...

#. # ####. .. #.... ...
###... ....#....#
#.....=..###############
......).................
.#####@####..##########
#{# ##....####### #.#
####...<.... ..#
######### ###


There were no monsters in sight!

Vanquished Creatures
  An adder (D:2)
  A dart slug (D:2)
  4 bats
  4 giant cockroaches
  5 goblins
  5 hobgoblins
  7 jackals (D:2)
  3 kobolds (D:1)
  A quokka (D:2)
  2 frilled lizards (D:1)
  4 rats (D:1)
37 creatures vanquished.

Notes
Turn   | Place    | Note
-------+----------+-------------------------------------------
     0 | D:1      | Frank2 the Demonspawn Gladiator began the quest for the
                  | Orb.
     0 | D:1      | Reached XP level 1. HP: 16/16 MP: 1/1
   114 | D:1      | Gained mutation: When hurt, damage is shared between your
                  | health and your magic reserves. [demonic ancestry]
   114 | D:1      | Reached XP level 2. HP: 16/22 MP: 2/2
   456 | D:2      | Reached XP level 3. HP: 26/27 MP: 3/3
   521 | D:2      | Found a faded altar of an unknown god.
   748 | D:2      | Reached skill level 1 in Armour
  1030 | D:3      | Noticed Sigmund
  1044 | D:3      | Slain by Sigmund

Levels and vault maps discovered:
D:1:      minmay_arrival_up_and_down, layout_rooms
D:2:      layout_loops_ring, first_ration, chequers_ecumenical_altar_island
D:3:      layout_rooms, bloody_trog, minmay_circle_x, uniq_grinder,
          uniq_crazy_yiuf_cottage, uniq_sigmund

Skill      XL: |  1  2  3 |
---------------+----------+-----
Dodging        | 3 |  3.3
Maces & Flails | 3 |  3.4
Armour         | 1 |  1.0
Fighting       | |  2.2
Throwing       | |  1.7

Action                   || total
-------------------------++-------
Melee: Flail             ||   135
  Use: Scroll            ||     3
       Potion            ||     2
Armor: Leather armour    ||    52
Dodge: Dodged            ||   137
